Map: Orbital Shipyard

Players

AgCl

  • Race: Protoss Protoss

黒兵衛 - Winner!

  • Race: Zerg Zerg

VOD

Have the link to the VOD?

Description

Time

  • Played on: May 5, 2015, 4:52 a.m.
  • Length: 7:14
Show
View Real Time Build Order
Export as new Build Order

AgCl Protoss 

Build Orders: 1 Gate Expand, Oracle Opening 

Get SALT Encoding   

  12  0:04  Probe  
  13  0:20  Probe  
  13  0:21  Pylon  
  14  0:43  Probe  
  14  0:48  Assimilator  
  15  0:56  Gateway, Probe  
  16  1:08  Probe  
  17  1:13  Pylon  
  17  1:34  Probe, Nexus  
  18  1:44  Assimilator  
  18  1:48  Zealot (Chrono Boost)  
  18  1:53  Probe (Chrono Boost)  
  21  2:03  Probe (Chrono Boost)  
  22  2:10  Probe (Chrono Boost)  
  23  2:16  Cybernetics Core  
  23  2:21  Probe (Chrono Boost)  
  24  2:28  Probe (Chrono Boost)  
  26  2:39  Probe (Chrono Boost)  
  26  2:46  Probe (Chrono Boost)  
  26  2:49  Probe (Chrono Boost)  
  28  2:56  Probe (Chrono Boost)  
  30  2:58  Probe (Chrono Boost)  
  30  3:03  Probe  
  29  3:08  Probe (Chrono Boost)  
  30  3:15  Stargate  
  33  3:20  Probe (Chrono Boost)  
  33  3:23  Mothership Core (Chrono Boost)  
  33  3:29  Nexus, Warp Gate (Chrono Boost)  
  33  3:32  Probe, Pylon  
  34  3:36  Probe  
  35  3:49  Probe (Chrono Boost)  
  35  3:51  Pylon  
  37  3:56  Probe (Chrono Boost)  
  37  3:59  Oracle (Chrono Boost)  
  37  4:00  Probe (Chrono Boost)  
  41  4:06  Probe (Chrono Boost)  
  41  4:07  Probe  
  43  4:11  Forge  
  43  4:18  Probe (Chrono Boost)  
  43  4:19  Assimilator  
  43  4:22  Pylon  
  45  4:25  Probe (Chrono Boost)  
  45  4:28  Gateway  
  45  4:29  Probe (Chrono Boost)  
  46  4:35  Probe x2 (Chrono Boost)  
  48  4:40  Assimilator  
  51  4:46  Probe (Chrono Boost)  
  51  4:47  Probe (Chrono Boost)  
  51  4:48  Probe (Chrono Boost)  
  51  4:52  Probe (Chrono Boost)  
  52  4:55  Probe  
  52  4:56  Probe  
  52  4:58  Void Ray  
  58  5:04  Fleet Beacon  
  58  5:05  Pylon  
  59  5:07  Probe (Chrono Boost)  
  59  5:08  Probe (Chrono Boost)  
  59  5:11  Assimilator  
  61  5:14  Probe (Chrono Boost)  
  61  5:17  Probe (Chrono Boost)  
  61  5:19  Probe (Chrono Boost)  
  64  5:21  Probe (Chrono Boost)  
  64  5:26  Pylon  
  64  5:28  Probe, Photon Cannon  
  64  5:30  Probe  
  64  5:32  Sentry, Pylon  
  64  5:33  Probe  
  69  5:36  Assimilator  
  69  5:40  Probe  
  70  5:43  Probe  
  70  5:45  Probe, Photon Cannon  
  70  5:48  Pylon  
  70  5:49  Void Ray (Chrono Boost)  
  70  5:52  Probe  
  70  5:55  Probe  
  69  6:29  Void Ray (Chrono Boost)  
  70  6:55  Fleet Beacon  
Show
View Real Time Build Order
Export as new Build Order

黒兵衛 Zerg - Winner!

Build Orders: Hatch First 

Get SALT Encoding   

  12  0:01  Drone  
  13  0:08  Drone  
  14  0:17  Overlord  
  14  0:24  Extractor  
  14  0:25  Drone  
  15  0:35  Drone  
  16  0:37  Drone  
  17  0:44  Drone  
  18  0:55  Hatchery  
  17  0:57  Drone  
  18  1:10  Spawning Pool  
  17  1:18  Drone  
  18  1:22  Drone  
  19  1:26  Overlord  
  19  1:39  Drone  
  20  1:49  Drone  
  21  1:57  Queen  
  21  2:00  Drone  
  24  2:06  Queen, Extractor  
  24  2:07  Extractor  
  24  2:09  Drone  
  24  2:10  Drone  
  26  2:19  Zergling x2  
  27  2:25  Zergling x2  
  28  2:40  Drone x3  
  28  2:41  Overlord  
  31  2:51  Drone  
  32  2:59  Drone  
  32  3:03  Drone  
  32  3:04  Drone x2  
  35  3:09  Metabolic Boost  
  35  3:10  Drone  
  35  3:11  Drone x3  
  39  3:14  Drone x2  
  39  3:15  Drone x2  
  39  3:19  Roach Warren  
  42  3:41  Hatchery  
  41  3:46  Overlord x4  
  41  4:00  Roach  
  43  4:04  Roach x6  
  55  4:11  Roach x2  
  59  4:25  Ravager  
  59  4:26  Ravager x2  
  59  4:28  Overlord x2  
  62  4:33  Ravager  
  62  4:34  Zergling x2  
  62  4:35  Zergling x12  
  70  4:43  Spore Crawler  
  70  4:45  Spore Crawler  
  68  4:49  Zergling x8  
  68  4:50  Zergling x4  
  74  4:55  Queen  
  74  4:57  Zergling x4  
  78  5:06  Overlord  
  78  5:10  Zergling x4  
  80  5:24  Zergling x2  
  80  5:25  Zergling x18  
  80  5:28  Ravager x3  
  92  5:30  Ravager  
  92  5:34  Spore Crawler  
  70  6:22  Zergling x2  
  70  6:23  Zergling x38  
  79  6:45  Zergling x2  
  79  6:46  Zergling x18  
  76  6:55  Drone  
  76  6:56  Drone x5  
Tags
 
Add a new tag
Caveats
  • Supply blocks, unpowered buildings, or Contaminate may cause inaccurate times.
  • Supply counts are checked every 10 seconds.